 Dungeon Crawl Stone Soup version 0.18-a0-1745-gffa9a88 (webtiles) character file.

2173 dobroeutro the Blocker (level 9, -7/56 HPs)
             Began as a Gargoyle Fighter on Apr 11, 2016.
             Was a Follower of Okawaru.
             Killed by divine providence
             ... invoked by an orc priest
              (12 damage)
             ... on level 8 of the Dungeon.
             The game lasted 00:16:29 (7201 turns).

dobroeutro the Blocker (Gargoyle Fighter)           Turns: 7201, Time: 00:16:31

Health: -7/56      AC: 19    Str: 20 (22) XL:     9   Next: 32%
Magic:  9/9        EV:  8    Int:  7 (9)  God:    Okawaru [*.....]
Gold:   228        SH: 11    Dex: 11 (13) Spells: 0 memorised, 8 levels left

rFire  . . .     SeeInvis .     D - +0 morningstar (drain)
rCold  . . .     Gourm    .     b - +0 scale mail
rNeg   + + .     Faith    .     c - +0 shield
rPois  ∞         Spirit   .     y - +1 helmet
rElec  +         Dismiss  .     h - +0 cloak
rCorr  .         Reflect  .     (no gloves)
SustAt .         Harm     .     o - +0 pair of boots
MR     .....     Rnd*Rage +     F - amulet of rage
Stlth  ..........               E - +3 ring of dexterity
                                p - ring of positive energy

@: not resistant to hostile enchantments, extremely unstealthy
A: berserk 2, negative energy resistance 1, shaggy fur 1, electricity
resistance, unbreathing, petrification resistance, rot immunity, AC +5
a: Heroism, Renounce Religion, Evoke Berserk Rage


You were on level 8 of the Dungeon.
You worshipped Okawaru.
Okawaru was aware of your devotion.
You were not hungry.

You visited 2 branches of the dungeon, and saw 9 of its levels.
You also visited: Ossuary.

You collected 291 gold pieces.
You spent 63 gold pieces at shops.

Inventory:

Hand Weapons
 a - a +0 flail
 D - a +0 morningstar of draining (weapon)
Armour
 b - a +0 scale mail (worn)
 c - a +0 shield (worn)
 h - a +0 cloak (worn)
 o - a +0 pair of boots (worn)
 y - a +1 helmet (worn)
Jewellery
 p - a ring of positive energy (left hand)
 E - a +3 ring of dexterity (right hand)
 F - an amulet of rage (around neck)
Wands
 n - a wand of acid (3/15)
Scrolls
 e - 2 scrolls of noise {unknown}
 f - 2 scrolls of amnesia {unknown}
 i - 4 scrolls of recharging {unknown}
 j - a scroll of magic mapping {unknown}
 k - 2 scrolls of blinking {unknown}
 l - 6 scrolls of teleportation {unknown}
 m - 2 scrolls of fog {unknown}
 q - a scroll of fear {unknown}
 s - 5 scrolls of identify {unknown}
 u - 4 scrolls of remove curse {unknown}
 x - a scroll of vulnerability {unknown}
 G - a scroll of random uselessness {unknown}
Potions
 d - 3 potions of cure mutation
 g - a potion of brilliance {unknown}
 r - 2 potions of might
 t - a potion of degeneration
 C - a potion of magic {unknown}
Comestibles
 v - 2 bread rations
 z - 2 beef jerkies
 B - 2 meat rations
 H - 3 chunks of flesh


   Skills:
 + Level 6.4 Fighting
 + Level 6.2 Maces & Flails
 + Level 7.1 Armour
 + Level 8.6 Shields


You had 8 spell levels left.
You didn't know any spells.

Dungeon Overview and Level Annotations

Branches:
Dungeon (8/15)             Temple (1/1) D:6
   Lair: D:8-11

Altars:
Ashenzari
Cheibriados
Dithmenos
Elyvilon
Fedhas
Gozag
Makhleb
Nemelex Xobeh
Okawaru
Pakellas
Qazlal
Trog
Vehumet
Xom
Yredelemnul
Zin
The Shining One

Shops:
D:5 [


Innate Abilities, Weirdness & Mutations

You are resistant to torment.
Your stone body is resilient (AC +5).
You are immune to poison.
You resist negative energy.
You are resistant to electric shocks.
You can survive without breathing.
You are immune to petrification.
You are immune to rotting.
You often lose your temper in combat.
You are covered in fur (AC +1).


Message History

The orc priest is heavily wounded.
You block the orc priest's attack. You block the orc's attack.
You hit the orc priest but do no damage.
You drain the orc priest!
The orc priest is almost dead.
The orc priest calls down the wrath of Beogh upon you.
Pain shoots through your body!
* * * LOW HITPOINT WARNING * * *
You block the orc's attack.
You barely miss the orc priest.
The orc priest is almost dead.
You block the orc priest's attack. The orc hits you but does no damage.
The orc priest hits you but does no damage.
You closely miss the orc priest.
The orc priest is almost dead.
The orc hits you with a dagger.
* * * LOW HITPOINT WARNING * * *
The orc priest invokes the aid of Beogh against you.
Beogh smites you!
You die...

## .. ###.#
#@o.#
#.....))o..#
.............:.
.............#.
.............#
...........###
##........##
#..#####.#


You could see an orc priest and an orc.

Vanquished Creatures
  The ghost of CollectiveS the Caller, a novice TeSu of Sif Muna (D:5)
  A hungry ghost (D:7)
  The ghost of slayr the Cudgeler, an amateur OgBe of Trog (D:4)
  2 ice beasts
  An orc warrior (D:6)
  3 phantoms
  An ogre (D:6)
  2 water moccasin zombies
  2 scorpions (D:7)
  3 crimson imps
  Crazy Yiuf (D:7)
  A jelly (D:5)
  4 orc priests
  An orc wizard (D:5)
  8 worker ants
  2 big kobold zombies (Ossuary)
  A hound zombie (D:7)
  2 mummies (Ossuary)
  Robin (D:3)
  6 adders
  4 gnolls (D:5)
  2 shadow imps
  6 adder zombies
  3 worms
  2 adder skeletons
  3 dart slugs (D:1)
  5 giant geckos
  20 orcs
  A giant cockroach (D:1)
  5 gnoll zombies (Ossuary)
  14 goblins
  8 hobgoblins
  14 jackals
  3 kobolds
  5 quokkas
  A ball python (D:3)
  13 bats
  A giant cockroach zombie (D:5)
  A giant gecko skeleton (D:6)
  3 giant newts
  A hobgoblin zombie (Ossuary)
  8 kobold zombies (Ossuary)
  4 orc zombies (Ossuary)
  7 rats
178 creatures vanquished.

Notes
Turn   | Place    | Note
--------------------------------------------------------------
     0 | D:1      | dobroeutro the Gargoyle Fighter began the quest for the Orb.
     0 | D:1      | Reached XP level 1. HP: 14/14 MP: 1/1
   110 | D:1      | Reached XP level 2. HP: 19/19 MP: 2/2
   316 | D:1      | Reached XP level 3. HP: 22/24 MP: 3/3
   735 | D:2      | Reached skill level 4 in Shields
   894 | D:2      | Reached XP level 4. HP: 26/29 MP: 4/4
  1254 | D:2      | Found a radiant altar of Vehumet.
  1801 | D:3      | Noticed Robin
  1828 | D:4      | Noticed slayr's ghost (amateur OgBe)
  1834 | D:3      | Gained mutation: You tend to lose your temper in combat. [potion of mutation]
  1834 | D:3      | Gained mutation: You often lose your temper in combat. [potion of mutation]
  1834 | D:3      | Gained mutation: You are covered in fur (AC +1). [potion of mutation]
  1839 | D:3      | Killed Robin
  1844 | D:3      | Reached XP level 5. HP: 4/33 MP: 5/5
  2256 | D:3      | Reached skill level 5 in Shields
  2289 | D:3      | Found a burning altar of Makhleb.
  2293 | D:3      | Found a glowing silver altar of Zin.
  2293 | D:3      | Noticed an angel
  2293 | D:3      | Noticed a green death
  2500 | D:3      | Found an oddly glowing altar of Pakellas.
  2983 | D:4      | Noticed a phantom
  3603 | D:3      | Killed a phantom
  3603 | D:3      | Reached XP level 6. HP: 13/39 MP: 6/6
  3699 | D:4      | Noticed a phantom
  3732 | D:4      | Killed slayr's ghost
  3732 | D:4      | Reached skill level 5 in Armour
  3756 | D:4      | Killed a phantom
  3756 | D:4      | Reached skill level 6 in Shields
  3756 | D:4      | Reached XP level 7. HP: 31/44 MP: 7/7
  4413 | D:5      | Entered Level 5 of the Dungeon
  4520 | D:5      | Found a sand-covered staircase.
  4547 | D:5      | Noticed CollectiveS's ghost (novice TeSu)
  4574 | D:5      | Killed CollectiveS's ghost
  4574 | D:5      | Reached skill level 5 in Fighting
  4598 | Ossuary  | Entered an ossuary
  4841 | Ossuary  | Reached XP level 8. HP: 49/49 MP: 8/8
  4871 | Ossuary  | Reached skill level 7 in Shields
  5102 | D:5      | Found Ogasaa's Armour Boutique.
  5105 | D:5      | Bought a +0 cloak for 63 gold pieces
  5287 | D:5      | Found a glowing golden altar of the Shining One.
  5367 | D:5      | Found a basalt altar of Yredelemnul.
  5731 | D:6      | Reached skill level 5 in Maces & Flails
  5907 | D:6      | Found a staircase to the Ecumenical Temple.
  5916 | Temple   | Entered the Ecumenical Temple
  6004 | Temple   | Became a worshipper of Warmaster Okawaru
  6628 | D:7      | Reached skill level 8 in Shields
  6645 | D:7      | Reached XP level 9. HP: 47/55 MP: 9/9
  6677 | D:7      | Noticed Crazy Yiuf
  6683 | D:7      | Killed Crazy Yiuf
  7040 | D:7      | Reached * piety under Okawaru
  7201 | D:8      | Killed from afar by an orc priest

Vault maps used:
D:1:      lemuel_arrival_muddy
D:2:      vehumet_crystals, grunt_ministairs_8,
          hangedman_abyss_or_decor_lesser_grid, small_statue_intersection
D:3:      grunt_temple_overflow_order_and_chaos_2, grunt_pakellas_basics,
          uniq_robin
D:4:      first_bread
D:5:      yredelemnul_altar_generic, tso_metal_star,
          nicolae_ossuary_entry_false_entrances, serial_shops, shop
D:6:      minmay_temple_entry_overgrown
D:7:      nicolae_overflow_hidden_temple, uniq_crazy_yiuf_cottage
D:8:      nicolae_overflow_crystal_walls
Temple:   triangle_lava_temple_11
Ossuary:  ossuary_tomb_2

Skill      XL: |  1  2  3  4  5  6  7  8  9 |
---------------+----------------------------+-----
Fighting       | 4 5 6 |  6.4
Shields        | 4 5 6 8 |  8.6
Armour         | 4 5 6 7 |  7.1
Maces & Flails | 3 5 6 |  6.2

Action                   |  1- 3 |  4- 6 |  7- 9 || total
-------------------------+-------+-------+-------++-------
Melee: Flail             |   110 |   303 |   222 ||   635
       Morningstar       |       |       |   126 ||   126
       Whip              |       |       |    43 ||    43
  Use: Potion            |       |     4 |     5 ||     9
  Eat: Bread ration      |       |     1 |     1 ||     2
       Chunk             |       |     6 |    15 ||    21
       Beef jerky        |       |     1 |     1 ||     2
       Meat ration       |       |       |     1 ||     1
